 Dungeon Crawl Stone Soup version 0.28.0 (webtiles) character file.

Game seed: 12319712409495235258

105 Krehm the Sneak (level 4, -7/23 HPs)
             Began as a Spriggan Enchanter on Feb 17, 2022.
             Killed from afar by an orc wizard (10 damage)
             ... with a magic dart
             ... on level 3 of the Dungeon.
             The game lasted 00:09:17 (2603 turns).

Krehm the Sneak (Spriggan Enchanter)                Turns: 2603, Time: 00:09:17

Health: -7/23      AC:  2    Str:  4    XL:     4   Next: 54%
Magic:  2/10       EV: 17    Int: 16    God:
Gold:   109        SH:  0    Dex: 17    Spells: 2/10 levels left

rFire   . . .      SeeInvis +   e - +2 dagger (vamp)
rCold   . . .      Faith    .   (no shield)
rNeg    . . .      Spirit   .   b - +0 robe
rPois   .          Reflect  .   (helmet restricted)
rElec   .          Harm     .   (no cloak)
rCorr   .          Rampage  .   (gloves unavailable)
Will    .....                   (boots unavailable)
Stlth   +++.......              (no amulet)
HPRegen 0.07/turn               (no ring)
MPRegen 0.12/turn               (no ring)

@: invisible, very quick
A: very small, no large weapons, unfitting armour, see invisible, speed 3
a: no special abilities


You were on level 3 of the Dungeon.
You visited 1 branch of the dungeon, and saw 3 of its levels.

You collected 109 gold pieces.

Inventory:

Hand Weapons
 e - a +2 vampiric dagger (weapon)
Missiles
 l - 2 poisoned darts (quivered)
Armour
 b - a +0 robe (worn)
 o - a +0 cloak
Scrolls
 a - a scroll of fear {unknown}
 d - a scroll of silence {unknown}
 g - a scroll of vulnerability {unknown}
 h - a scroll of fog {unknown}
 k - a scroll of noise {unknown}
 n - a scroll of identify {unknown}
Potions
 f - a potion of curing {unknown}
 i - a potion of brilliance {unknown}
 j - 3 potions of magic {unknown}
 m - a potion of might {unknown}


   Skills:
 + Level 1.8 Fighting
 - Level 1.1 Short Blades
 - Level 2.6 Dodging
 - Level 5.0 Stealth
 + Level 3.6 Spellcasting
 + Level 4.4 Hexes
 - Level 1.0 Ice Magic


You had 2 spell levels left.
You knew the following spells:

 Your Spells              Type           Power      Damage    Failure   Level
a - Ensorcelled Hibernat  Hex/Ice        22%        N/A       9%          2
b - Confusing Touch       Hex            17%        N/A       9%          3
c - Tukima's Dance        Hex            17%        N/A       9%          3

Your spell library contained the following spells:

 Spells                   Type           Power      Damage    Failure   Level
 Shock                    Conj/Air       8%         1d3       19%         1
 Dazzling Flash           Conj/Hex       18%        N/A       22%         3
 Swiftness                Air            2%         N/A       47%         3
 Airstrike                Air            1%         N/A       87%         4


Dungeon Overview and Level Annotations

Branches:
Dungeon (3/15)

Altars:
Elyvilon

Shops:
D:1 ?


Innate Abilities, Weirdness & Mutations

You are very small and have problems with some larger weapons.
You are too small for most types of armour.
You have supernaturally acute eyesight. (SInv)
You cover ground extremely quickly. (Speed+++)


Message History

Aim: an orc wizard, wielding a +0 dagger and wearing a +0 robe (lightly wounded, chance to affect: 45%)
The orc wizard resists with some effort.
The orc wizard points at you and mumbles some strange words.
You easily resist.
Casting: Ensorcelled Hibernation (safe; 9% risk of failure)
Confirm with . or Enter, or press ? or * to list all spells.
Aiming: Ensorcelled Hibernation (safe; 9% risk of failure)
Press: ? - help, Shift-Dir - straight line, f/p - orc wizard
Aim: an orc wizard, wielding a +0 dagger and wearing a +0 robe (lightly wounded, chance to affect: 45%)
The orc wizard resists with some effort.
The orc wizard hits you with a +0 dagger.
You hit the orc wizard but do no damage.
The orc wizard is lightly wounded.
The orc wizard gestures at you while chanting.
The magic dart hits you!
You hit the orc wizard.
You feel better.
The orc wizard is moderately wounded.
The orc wizard hits you with a +0 dagger.
You hit the orc wizard but do no damage.
The orc wizard is moderately wounded.
The orc wizard hits you with a +0 dagger.
* * * LOW HITPOINT WARNING * * *
You fade into invisibility!
The orc wizard misses you.
You hit the orc wizard.
The orc wizard is moderately wounded.
The orc wizard hits you with a +0 dagger.
* * * LOW HITPOINT WARNING * * *
The orc shouts!
You hit the orc wizard.
You feel better.
The orc wizard is heavily wounded.
You hear a shout!
The orc wizard barely misses you.
You barely miss the orc wizard.
The orc wizard is heavily wounded.
You hit the orc wizard but do no damage.
The orc wizard is heavily wounded.
The orc wizard casts a spell at you. The magic dart hits you!
You die...

.........#######
.........# .........###
...........# ##########
...........# #.........
...........# #.........
...........# #.........
..........#####.........
...............@.)......
.........#....o#########
###...†..#...o.#
########.....# #.<...#
#.....# #.....# #.....#
##....o


You could see an orc wizard and an orc.

Vanquished Creatures
  An iguana (D:3)
  2 adders (D:2)
  A worm (D:2)
  A dart slug (D:2)
  6 bats
  8 endoplasms
  2 giant cockroaches (D:1)
  4 goblins
  5 hobgoblins
  6 kobolds
  2 quokkas (D:1)
  6 ball pythons
  3 frilled lizards
  5 rats
52 creatures vanquished.

Vanquished Creatures (others)
  A fungus (D:1)
  A plant (D:1)
2 creatures vanquished.

Grand Total: 54 creatures vanquished

Notes
Turn   | Place    | Note
-------+----------+-------------------------------------------
     0 | D:1      | Krehm the Spriggan Enchanter began the quest for the Orb.
     0 | D:1      | Reached XP level 1. HP: 9/9 MP: 5/5
     2 | D:1      | Noticed a tengu
     2 | D:1      | Noticed a felid
     4 | D:1      | Noticed a naga
     6 | D:1      | Noticed a human
     8 | D:1      | Noticed a gargoyle
     8 | D:1      | Noticed a formicid
    10 | D:1      | Noticed an octopode
    13 | D:1      | Noticed a minotaur
    15 | D:1      | Noticed a troll
    15 | D:1      | Noticed a dwarf
    17 | D:1      | Noticed a merfolk
    19 | D:1      | Noticed a vampire
    19 | D:1      | Noticed a vine stalker
    21 | D:1      | Noticed a demigod
    21 | D:1      | Noticed an ogre
    23 | D:1      | Noticed a ghoul
    23 | D:1      | Noticed a demonspawn
    26 | D:1      | Noticed a draconian
    26 | D:1      | Noticed an elf
    28 | D:1      | Noticed a spriggan
   345 | D:1      | Reached XP level 2. HP: 5/14 MP: 6/6
   348 | D:1      | Learned a level 2 spell: Ensorcelled Hibernation
   568 | D:1      | Reached skill level 5 in Stealth
   587 | D:1      | Reached skill level 1 in Fighting
   646 | D:1      | Found Sorer's Magic Scroll Shoppe.
  1096 | D:1      | Found a faded altar of an unknown god.
  1116 | D:1      | Reached XP level 3. HP: 18/18 MP: 3/8
  1310 | D:2      | Found a white marble altar of Elyvilon.
  1396 | D:2      | Learned a level 3 spell: Confusing Touch
  1400 | D:2      | Learned a level 3 spell: Tukima's Dance
  2220 | D:2      | Reached XP level 4. HP: 22/22 MP: 5/10
  2487 | D:3      | Reached skill level 1 in Ice Magic
  2599 | D:3      | HP: 1/23 [orc wizard (3)]
  2603 | D:3      | Killed from afar by an orc wizard

Illustrated notes

Levels and vault maps discovered:
D:1:      kb_arrival_jail, layout_loops_ring,
          shapermc_ecumenical_altar_mp_ritualfount, serial_shops,
          nicolae_shop_crystal, minmay_domino_4
D:2:      layout_basic, basic_altar, grunt_ministairs_15
D:3:      layout_basic, feat_on_display

Skill      XL: |  1  2  3  4 |
---------------+-------------+-----
Stealth        | 5 |  5.0
Fighting       | 1 |  1.8
Spellcasting   | 3 |  3.6
Hexes          | 4 |  4.4
Ice Magic      | 1 |  1.0
Short Blades   | |  1.1
Dodging        | |  2.6

Action                   |  1- 3 |  4- 6 || total
-------------------------+-------+-------++-------
Melee: Dagger            |    97 |    20 ||   117
       Punch             |     1 |       ||     1
 Cast: Ensorcelled Hiber |    19 |     7 ||    26
  Use: Potion            |       |     1 ||     1
 Stab: Sleeping          |    20 |     9 ||    29
Armor: Robe              |    10 |       ||    10
Dodge: Dodged            |    82 |     6 ||    88
